 Dungeon Crawl Stone Soup version 0.22.1-2-g9c5b331 (webtiles) character file.

8680 HoaS the Fighter (level 11, -2/111 HPs)
             Began as a Gargoyle Berserker on Dec 25, 2018.
             Was a High Priest of Trog.
             Killed by divine providence
             ... invoked by an orc priest
              (13 damage)
             ... on level 10 of the Dungeon.
             The game lasted 00:25:32 (8765 turns).

HoaS the Fighter (Gargoyle Berserker)               Turns: 8765, Time: 00:25:33

Health: -2/111     AC: 19    Str: 30    XL:     11   Next: 34%
Magic:  11/11      EV: 12    Int:  8    God:    Trog [*****.]
Gold:   490        SH:  0    Dex: 12    Spells: 10/10 levels left

rFire    . . .     SeeInvis +     - Unarmed
rCold    . . .     Gourm    .   (no shield)
rNeg     + . .     Faith    .   c - +0 scale mail
rPois    ∞         Spirit   .   (no helmet)
rElec    +         Reflect  .   (no cloak)
rCorr    .         Harm     .   (no gloves)
MR       ++...                  k - +2 pair of boots
Stlth    ..........             (no amulet)
HPRegen  1.28/turn              n - +4 ring of strength
MPRegen  0.12/turn              y - ring of see invisible

@: berserking, regenerating, very quick
A: negative energy resistance 1, electricity resistance, unbreathing,
petrification resistance, rot immunity, AC +8
a: Berserk, Trog's Hand, Brothers in Arms, Renounce Religion


You were on level 10 of the Dungeon.
You worshipped Trog.
Trog was extremely pleased with you.
You were very hungry.

You visited 2 branches of the dungeon, and saw 11 of its levels.

You collected 490 gold pieces.

Inventory:

Hand Weapons
 w - a +0 hand crossbow
Missiles
 o - 111 bolts
Armour
 c - a +0 scale mail (worn)
 k - a +2 pair of boots (worn)
Jewellery
 n - a +4 ring of strength (left hand)
 y - a ring of see invisible (right hand)
 B - an uncursed ring of flight {unknown}
Wands
 f - a wand of disintegration (13)
 p - a wand of random effects (18)
 q - a wand of scattershot (18)
 r - a wand of polymorph (28)
 u - a wand of iceblast (7)
 v - a wand of flame (34)
 G - a wand of paralysis (2)
Scrolls
 a - a scroll of enchant armour
 d - 6 scrolls of remove curse
 e - 3 scrolls of magic mapping
 g - 2 scrolls of enchant weapon
 l - 10 scrolls of teleportation
 z - 2 scrolls of identify
 C - 2 scrolls of fear
 D - a scroll of fog
Potions
 h - a potion of haste
 i - 9 potions of curing
 j - a potion of flight
 m - 2 potions of might
 s - a potion of heal wounds {unknown}
 t - 2 potions of lignification {unknown}
 x - 2 potions of berserk rage
 E - a potion of mutation {unknown}
 F - a potion of magic {unknown}
Comestibles
 b - 15 rations
 A - 7 chunks of flesh


   Skills:
 * Level 11.3 Fighting
 * Level 5.0 Crossbows
 + Level 8.1 Armour
 - Level 3.0 Dodging
 * Level 11.1 Unarmed Combat


You had 10 spell levels left.
You didn't know any spells.
Your spell library was empty.

Dungeon Overview and Level Annotations

Branches:
Dungeon (10/15)            Temple (1/1) D:5            Lair (0/6) D:9
    Orc: D:9-12

Altars:
Hepliaklqana
Kikubaaqudgha
Makhleb
Nemelex Xobeh
Sif Muna

Shops:
D:9 :


Innate Abilities, Weirdness & Mutations

You are resistant to torment.
Your stone body is resilient. (AC +8)
You are immune to poison.
You resist negative energy. (rN+)
You are resistant to electric shocks. (rElec)
You can survive without breathing.
You are immune to petrification.
You are immune to rotting.


Message History

You are too injured to fight recklessly!
You are too injured to fight recklessly!
You are too injured to fight recklessly!
You are too injured to fight recklessly!
You are too injured to fight recklessly!
You pummel the two-headed ogre!!
You kill the two-headed ogre!
Trog accepts your kill.
Your Crossbows skill increases to level 5!
The orc priest miscasts a cantrip.
The orc priest calls down the wrath of Beogh upon you.
Beogh smites you!
* * * LOW HITPOINT WARNING * * *
A red film seems to cover your vision as you go berserk!
You feel yourself moving faster!
You feel mighty!
You are feeling very hungry.
The orc wizard hits you but does no damage.
The orc priest invokes the aid of Beogh against you.
Beogh smites you!
You die...

###### .... #..# ####
#..# #..o####..#######.
#(.Zo@............ #
((((..o####..###.####..#.
(###### #..# #.........
#..# #..# ######..# #..#
........###..#
............)#####.#
..#####.....)......# .
#####..#######


You could see 2 orc priests, an orc wizard (invisible) and a centaur zombie.

Vanquished Creatures
  Harold (D:8)
  A two-headed ogre (D:10)
  2 ugly things
  Joseph (D:10)
  3 centaur skeletons (D:10)
  A troll (D:9)
  A hippogriff (D:7)
  5 yaks (D:9)
  Edmund (D:5)
  3 porcupines (D:9)
  2 ice beasts
  2 sky beasts
  2 phantoms
  5 orc warriors
  3 centaurs
  4 ogres
  A black bear (D:7)
  3 crocodiles
  A big kobold (D:7)
  4 bullfrogs
  Blork the orc (D:5)
  3 howler monkeys (D:7)
  3 bullfrog zombies
  5 crimson imps
  A quasit (D:7)
  A bullfrog skeleton (D:6)
  2 centaur zombies
  4 hounds
  3 jellies (D:9)
  5 orc priests
  An orc wizard (D:10)
  An iguana (D:6)
  10 worker ants
  3 hound skeletons
  A howler monkey zombie (D:5)
  13 gnolls
  10 adders
  2 shadow imps
  A worm (D:4)
  2 dart slugs
  A leopard gecko (D:1)
  31 orcs
  2 ball pythons (D:2)
  4 giant cockroaches
  15 goblins
  15 hobgoblins
  12 jackals
  15 kobolds
  A quokka (D:4)
  4 bats
  A frilled lizard (D:2)
  A giant cockroach zombie (D:5)
  A quokka zombie (D:5)
  7 rats
228 creatures vanquished.

Vanquished Creatures (others)
  2 fungi (D:9)
  2 plants (D:9)
4 creatures vanquished.

Grand Total: 232 creatures vanquished

Notes
Turn   | Place    | Note
-------+----------+-------------------------------------------
     0 | D:1      | HoaS the Gargoyle Berserker began the quest for the Orb.
     0 | D:1      | Reached XP level 1. HP: 14/14 MP: 1/1
   264 | D:1      | Reached XP level 2. HP: 11/19 MP: 2/2
   943 | D:2      | Reached XP level 3. HP: 21/23 MP: 3/3
  1135 | D:2      | Reached ** piety under Trog
  1848 | D:3      | Reached XP level 4. HP: 24/28 MP: 4/4
  1923 | D:3      | Reached skill level 5 in Unarmed Combat
  2290 | D:4      | Reached XP level 5. HP: 33/33 MP: 5/5
  2646 | D:4      | Noticed a phantom
  2695 | D:4      | Killed a phantom
  2695 | D:4      | Reached XP level 6. HP: 9/39 MP: 6/6
  2952 | D:5      | Entered Level 5 of the Dungeon
  2980 | D:5      | Found a staircase to the Ecumenical Temple.
  3015 | D:5      | Reached skill level 5 in Fighting
  3015 | D:5      | Reached XP level 7. HP: 44/44 MP: 7/7
  3020 | D:5      | Noticed Edmund
  3023 | Temple   | Entered the Ecumenical Temple
  3074 | D:5      | Killed Edmund
  3129 | D:5      | Noticed Blork the orc
  3146 | D:5      | Killed Blork the orc
  3164 | D:5      | Reached *** piety under Trog
  3194 | D:5      | Reached XP level 8. HP: 31/51 MP: 8/8
  3650 | D:5      | Reached **** piety under Trog
  4391 | D:6      | Reached skill level 5 in Armour
  5083 | D:7      | Reached XP level 9. HP: 25/58 MP: 9/9
  5482 | D:7      | Noticed a white ugly thing
  5496 | D:7      | Killed a white ugly thing
  5815 | D:7      | Found a burning altar of Makhleb.
  6477 | D:8      | Noticed Harold
  6506 | D:8      | Killed Harold
  6506 | D:8      | Reached ***** piety under Trog
  6506 | D:8      | Reached XP level 10. HP: 26/68 MP: 10/10
  6970 | D:8      | Reached skill level 10 in Fighting
  7081 | D:8      | Reached skill level 10 in Unarmed Combat
  7285 | D:9      | Found Paprac's Book Emporium.
  7413 | D:9      | Reached skill level 1 in Crossbows
  7759 | D:9      | Found a staircase to the Lair.
  8093 | D:10     | Entered Level 10 of the Dungeon
  8220 | D:10     | Reached XP level 11. HP: 66/73 MP: 11/11
  8313 | D:10     | Noticed a purple ugly thing
  8328 | D:10     | Killed a purple ugly thing
  8350 | D:10     | Noticed Joseph
  8351 | D:10     | Paralysed by Joseph for 4 turns
  8362 | D:10     | Paralysed by Joseph for 3 turns
  8366 | D:10     | Killed Joseph
  8748 | D:10     | Noticed a two-headed ogre
  8764 | D:10     | Killed a two-headed ogre
  8764 | D:10     | Reached skill level 5 in Crossbows
  8765 | D:10     | Killed from afar by an orc priest

Skill      XL: |  1  2  3  4  5  6  7  8  9 10 11 |
---------------+----------------------------------+-----
Unarmed Combat | 4 5 6 8 9 10 11 | 11.1
Fighting       | 4 5 7 9 10 11 | 11.3
Armour         | 3 4 5 6 7 8 |  8.1
Dodging        | 2 3 |  3.0
Crossbows      | 3 5 |  5.0

Action                   |  1- 3 |  4- 6 |  7- 9 | 10-12 || total
-------------------------+-------+-------+-------+-------++-------
Melee: Unarmed           |   163 |   170 |   485 |   197 ||  1015
       Punch             |     3 |     5 |    23 |    17 ||    48
 Fire: Hand crossbow     |       |       |       |    68 ||    68
Invok: Berserk           |       |     1 |     1 |     1 ||     3
       Trog's Hand       |       |       |     2 |     1 ||     3
  Use: Scroll            |     9 |     1 |     9 |     5 ||    24
  Eat: Chunk             |     3 |     4 |    15 |     7 ||    29
Armor: Leather armour    |    63 |       |       |       ||    63
       Animal skin       |     5 |       |       |       ||     5
       Ring mail         |       |    51 |       |       ||    51
       Scale mail        |       |    47 |   305 |    65 ||   417
Dodge: Dodged            |   101 |   109 |   297 |    80 ||   587
